 Dungeon Crawl Stone Soup version 0.24-a0-412-ge138f7edaf (webtiles) character file.

Game seed: 1206240792923473848

6080 krystol the Spear-Bearer (level 10, 0/84 HPs)
             Began as a Demonspawn Gladiator on June 5, 2019.
             Was an Elder of Okawaru.
             Splashed by Maurice's acid (14 damage)
             ... on level 10 of the Dungeon on June 6, 2019.
             The game lasted 00:31:28 (11331 turns).

krystol the Spear-Bearer (Demonspawn Gladiator)    Turns: 11331, Time: 00:31:29

Health: 0/84       AC: 14    Str: 14    XL:     10   Next: 58%
Magic:  9/10       EV: 11    Int:  9    God:    Okawaru [****..]
Gold:   523        SH:  0    Dex: 19    Spells: 9/9 levels left

rFire    + . .     SeeInvis .   a - +0 trident
rCold    . . .     Gourm    .   (no shield)
rNeg     . . .     Faith    .   h - +0 scale mail
rPois    .         Spirit   .   A - +1 helmet
rElec    .         Reflect  .   (no cloak)
rCorr    .         Harm     .   (no gloves)
MR       .....                  w - +0 pair of boots (curse)
Stlth    +.........             (no amulet)
HPRegen  0.24/turn              i - ring of protection from fire
MPRegen  0.12/turn              (no ring)

@: corroded, sanguine armour
A: talons 2, nightstalker 1, sanguine armour 3
a: Heroism, Renounce Religion


You were on level 10 of the Dungeon.
You worshipped Okawaru.
Okawaru was greatly pleased with you.
You were hungry.

You visited 2 branches of the dungeon, and saw 11 of its levels.

You collected 523 gold pieces.

Inventory:

Hand Weapons
 a - a +0 trident (weapon)
 o - a +0 whip of venom
   (You took it off a kobold on level 1 of the Dungeon)
 p - a +0 short sword of speed
   (You found it on level 1 of the Dungeon)
 y - the +8 dagger "Qeleutok" {venom, rF+ rC+ SInv}
   (You found it on level 6 of the Dungeon)

   It poisons the flesh of those it strikes.
   It protects you from fire.
   It protects you from cold.
   It lets you see invisible.
Missiles
 d - 3 throwing nets (quivered) {!f}
Armour
 b - a +0 leather armour
 h - a +0 scale mail (worn)
   (You found it on level 1 of the Dungeon)
 w - a cursed +0 pair of boots (worn)
   (You found it on level 5 of the Dungeon)
 A - a +1 helmet (worn)
 B - a +0 ring mail
   (You took it off Ijyb on level 5 of the Dungeon)
Jewellery
 i - a ring of protection from fire (left hand)
   (You found it on level 2 of the Dungeon)
 D - an uncursed ring of resist corrosion {unknown}
   (You found it on level 9 of the Dungeon)
 F - an uncursed ring of wizardry {unknown}
   (You found it on level 8 of the Dungeon)
Wands
 c - a wand of disintegration (8)
   (You took it off Ijyb on level 5 of the Dungeon)
 r - a wand of enslavement (7)
   (You found it on level 5 of the Dungeon)
 s - a wand of random effects (13)
   (You took it off Grinder on level 4 of the Dungeon)
 t - a wand of flame (2)
   (You took it off Eustachio on level 5 of the Dungeon)
 v - a wand of digging (7)
   (You found it on level 7 of the Dungeon)
Scrolls
 j - 6 scrolls of teleportation {@r4}
 x - 3 scrolls of remove curse {@r2}
 C - 7 scrolls of identify {@r1}
 E - a scroll of enchant armour
 H - 2 scrolls of enchant weapon {unknown}
 I - a scroll of fear
 J - a scroll of immolation {unknown}
Potions
 f - 2 potions of haste {unknown}
 g - 2 potions of might {unknown}
 k - a potion of brilliance {unknown}
 l - 4 potions of heal wounds {unknown}
 m - 2 potions of agility
 n - 3 potions of flight
 q - 4 potions of curing {@q1}
 u - a potion of lignification {unknown}
 z - 3 potions of magic {unknown}
 G - a potion of cancellation {unknown}
 K - a potion of mutation {unknown}
Comestibles
 e - 20 rations {!d}


   Skills:
 + Level 9.7 Fighting
 * Level 12.3 Polearms
 - Level 2.0 Throwing
 + Level 4.0 Armour
 - Level 3.0 Dodging


You had 9 spell levels left.
You didn't know any spells.
Your spell library contained the following spells:

 Spells                   Type           Power        Failure   Level  Hunger
 Beastly Appendage        Tmut           #.....       85%         1    ##.....
 Corona                   Hex            #......      85%         1    ##.....
 Ensorcelled Hibernation  Hex/Ice        #.....       94%         2    ###....
 Sticks to Snakes         Tmut           #.......     94%         2    ###....
 Confuse                  Hex            #.......     99%         3    ####...
 Dazzling Spray           Conj/Hex       #.....       99%         3    ####...
 Spider Form              Tmut/Pois      #.........   99%         3    ####...
 Tukima's Dance           Hex            #.......     99%         3    ####...
 Ice Form                 Ice/Tmut       #.......     100%        4    #####..
 Blade Hands              Tmut           #.........   100%        5    ######.


Dungeon Overview and Level Annotations

Branches:
Dungeon (10/15)            Temple (1/1) D:6            Lair (0/6) D:9
    Orc (0/2) D:9

Altars:
Ashenzari
Cheibriados
Dithmenos
Elyvilon
Gozag
Hepliaklqana
Makhleb
Okawaru
Qazlal
Ru
Sif Muna
Trog
Uskayaw
Vehumet
Wu Jian
Xom
Yredelemnul
Zin
The Shining One

Shops:
D:6 *   D:7 *

Annotations:
D:3 1 runed translucent door, Crazy Yiuf
D:10 Maurice


Innate Abilities, Weirdness & Mutations

You have razor-sharp toenails.
You are slightly more attuned to the shadows.
When seriously injured, your bleeding wounds create very thick armour. (AC +12)


Message History

You barely miss the spriggan.
The spriggan hits you but does no damage.
You hit the spriggan but do no damage. The kobold closely misses you.
The spriggan hits you but does no damage.
You miss the spriggan. The kobold barely misses you.
Maurice mumbles some strange words.
Maurice puts on a burst of speed!
You puncture the spriggan!
You kill the spriggan!
Okawaru accepts your kill.
Your base Armour skill increases to level 4!
You barely miss the kobold.
Maurice casts a spell.
Maurice blinks!
The kobold closely misses you.
You puncture the kobold!
You kill the kobold!
Attack whom?
Aim: Maurice, wielding a +0 dagger, wearing a +0 cloak and carrying a wand of acid (9) (covering ground quickly)
You reach to attack!
You hit Maurice.
Maurice zaps a wand.
The bolt of acid hits you!
You are splashed with acid!
Your blood congeals into armour.
Attack whom?
Aim: Maurice, wielding a +0 dagger, wearing a +0 cloak and carrying a wand of acid (8) (lightly wounded, covering ground quickly)
You reach to attack!
You puncture Maurice!
Maurice casts a spell.
Maurice blinks!
You feel like a meek peon again.
You puncture Maurice! Maurice hits you but does no damage.
You barely miss Maurice. Maurice barely misses you.
You hit Maurice. You closely miss Maurice.
Maurice zaps a wand.
The bolt of acid misses you.
You hit Maurice. Maurice barely misses you.
You hit Maurice but do no damage.
Maurice zaps a wand.
The bolt of acid hits you but does no damage.
The acid corrodes you!
You are splashed with acid!
* * * LOW HITPOINT WARNING * * *
Here: Maurice, wielding a +0 dagger, wearing a +0 cloak and carrying a wand of acid (6) (heavily wounded, covering ground quickly)
The floor.
You hit Maurice but do no damage.
Unknown command.
You closely miss Maurice.
Maurice zaps a wand.
The bolt of acid hits you!
* * * LOW HITPOINT WARNING * * *
The acid corrodes you!
You are splashed with acid!
You die...

#..#
#.....†.....#
#(..........#
#......>....#
#...........#
#...........#
#...........#
#...........#
#...........#
#..@@.......#
#....)).....#
#...........#
#...........#
#.......<...#
#............#
#..##.##..#..#


You could see Maurice.

Vanquished Creatures
  Pikel (D:5)
  A cyclops (D:9)
  Grinder (D:4)
  A spriggan (D:10)
  6 yaks (D:9)
  A wyvern (D:9)
  Eustachio (D:5)
  Menkaure (D:4)
  2 water moccasins (D:8)
  An orc warrior (D:8)
  An ice beast (D:8)
  A black bear (D:8)
  A phantom (D:7)
  2 sky beasts
  4 centaurs
  4 ogres
  2 big kobolds (D:7)
  3 bullfrogs
  3 scorpions
  5 wights (D:9)
  A howler monkey (D:7)
  4 crimson imps
  A quasit (D:10)
  3 hounds
  2 jellies
  A centaur skeleton (D:4)
  6 orc priests
  Ijyb (D:5)
  3 iguanas
  7 orc wizards
  10 worker ants
  A hound skeleton (D:8)
  A howler monkey zombie (D:6)
  5 gnolls
  11 adders
  2 shadow imps
  An ooze (D:2)
  An adder skeleton (D:9)
  5 worms
  5 dart slugs
  3 leopard geckos
  25 orcs
  2 ball pythons
  15 bats
  8 giant cockroaches
  8 goblins
  9 hobgoblins
  4 jackals (D:3)
  6 quokkas
  6 frilled lizards
  23 kobolds
  13 rats
235 creatures vanquished.

Vanquished Creatures (others)
  A slave (D:5)
1 creature vanquished.

Grand Total: 236 creatures vanquished

Notes
Turn   | Place    | Note
-------+----------+-------------------------------------------
     0 | D:1      | krystol the Demonspawn Gladiator began the quest for the
                  | Orb.
     0 | D:1      | Reached XP level 1. HP: 16/16 MP: 1/1
   139 | D:1      | Reached skill level 3 in Polearms
   176 | D:1      | Gained mutation: You are slightly more attuned to the
                  | shadows. [demonic ancestry]
   176 | D:1      | Reached XP level 2. HP: 22/22 MP: 2/2
   778 | D:1      | Gained mutation: When seriously injured, your bleeding
                  | wounds create armour. (AC +12) [demonic ancestry]
   778 | D:1      | Reached XP level 3. HP: 28/28 MP: 3/3
  1718 | D:2      | Reached XP level 4. HP: 24/34 MP: 4/4
  1813 | D:2      | Reached skill level 4 in Polearms
  2396 | D:2      | Reached skill level 9 in Polearms
  2396 | D:2      | Gained mutation: You have sharp toenails. [demonic
                  | ancestry]
  2396 | D:2      | Reached XP level 5. HP: 48/48 MP: 5/5
  2701 | D:3      | Gained mutation: When seriously injured, your bleeding
                  | wounds create thick armour. (AC +12) [demonic ancestry]
  2701 | D:3      | Reached XP level 6. HP: 55/55 MP: 6/6
  2726 | D:3      | Found a bloodstained altar of Trog.
  3173 | D:3      | Found a hazy altar of Hepliaklqana.
  3253 | D:3      | Found a runed translucent door.
  3254 | D:3      | Noticed Crazy Yiuf
  3820 | D:4      | Gained mutation: You have razor-sharp toenails. [demonic
                  | ancestry]
  3820 | D:4      | Reached XP level 7. HP: 15/60 MP: 7/7
  4286 | D:4      | Noticed Grinder
  4300 | D:4      | Killed Grinder
  4300 | D:4      | Reached skill level 10 in Polearms
  4325 | D:4      | Found a sacrificial altar of Ru.
  4387 | D:4      | Found a deep blue altar of Sif Muna.
  4437 | D:4      | Noticed Menkaure
  4457 | D:4      | Killed Menkaure
  4883 | D:5      | Entered Level 5 of the Dungeon
  4887 | D:5      | Noticed Ijyb
  4907 | D:5      | Reached XP level 8. HP: 68/68 MP: 8/8
  5310 | D:5      | Found a glowing golden altar of the Shining One.
  5311 | D:5      | Noticed Eustachio
  5321 | D:5      | Killed Eustachio
  5912 | D:6      | Found Haalag's General Store.
  6046 | D:6      | Found an iron altar of Okawaru.
  6051 | D:6      | Became a worshipper of Warmaster Okawaru
  6211 | D:6      | Got a slimy dagger
  6321 | D:6      | Found a bloodstained altar of Trog.
  6427 | D:6      | Found a staircase to the Ecumenical Temple.
  6562 | Temple   | Entered the Ecumenical Temple
  6874 | D:5      | Killed Ijyb
  6874 | D:5      | Reached skill level 11 in Polearms
  7125 | D:5      | Noticed Pikel
  7150 | D:5      | Killed Pikel
  7150 | D:5      | Reached * piety under Okawaru
  7150 | D:5      | Gained mutation: When seriously injured, your bleeding
                  | wounds create very thick armour. (AC +12) [demonic
                  | ancestry]
  7150 | D:5      | Reached XP level 9. HP: 65/75 MP: 9/9
  7257 | D:5      | Reached skill level 1 in Armour
  7344 | D:7      | Got a smoking quarterstaff
  7345 | D:7      | Identified the +8 dagger "Qeleutok" {venom, rF+ rC+ SInv}
                  | (You found it on level 6 of the Dungeon)
  7347 | D:7      | Upgraded the game from 0.24-a0-408-gcc1054c7ca to
                  | 0.24-a0-412-ge138f7edaf
  7416 | D:7      | Reached ** piety under Okawaru
  7475 | D:7      | Found Sita's Assorted Antiques.
  8326 | D:8      | Noticed a two-headed ogre
  8847 | D:8      | Found a shadowy altar of Dithmenos.
  9392 | D:8      | Reached *** piety under Okawaru
  9450 | D:8      | Found a burning altar of Makhleb.
  9785 | D:9      | Reached XP level 10. HP: 83/83 MP: 10/10
  9973 | D:9      | Found a staircase to the Orcish Mines.
  9974 | D:9      | Found a glowing golden altar of the Shining One.
 10167 | D:9      | Noticed a cyclops
 10445 | D:9      | Killed a cyclops
 10445 | D:9      | Reached skill level 12 in Polearms
 10458 | D:9      | Found a basalt altar of Yredelemnul.
 10853 | D:9      | Found a staircase to the Lair.
 10899 | D:9      | Reached **** piety under Okawaru
 11041 | D:10     | Entered Level 10 of the Dungeon
 11310 | D:10     | Noticed Maurice
 11331 | D:10     | Splashed by Maurice's acid

Levels and vault maps discovered:
D:1:      dpeg_chamrin_arrival_tetris, layout_basic
D:2:      layout_loops_ring, chequers_avenue, minmay_tree_intersection
D:3:      layout_loops_ring, lemuel_coloured_pillars_altar, first_ration,
          trog_book, uniq_crazy_yiuf_cottage
D:4:      layout_gridville, nicolae_overflow_hidden_temple, lemuel_doored_altar,
          uniq_menkaure, uniq_grinder
D:5:      layout_cave_pods, basic_altar, uniq_ijyb, uniq_eustachio, uniq_pikel
D:6:      layout_cave_pools, kennysheep_mini, okawaru_gym_becter,
          lemuel_temple_firewalk_b, serial_shops, nicolae_shop_behind_doors
D:7:      layout_rooms, serial_shops, nicolae_shop_behind_doors
D:8:      layout_loops_cross, lemuel_crystal_altar,
          nicolae_dithmenos_the_darkroom
D:9:      layout_basic, yredelemnul_altar_generic, overflow_temple_1_default,
          dpeg_oklobed_lair, orc_0_dummy
D:10:     layout_long_grid, hangedman_stone_soup, uniq_maurice
Temple:   jpeg_temple_clearing

Skill      XL: |  1  2  3  4  5  6  7  8  9 10 |
---------------+-------------------------------+-----
Polearms       | 3 9 10 11 12 | 12.3
Throwing       | 2 |  2.0
Fighting       | 7 8 9 |  9.7
Armour         | 2 4 |  4.0
Dodging        | 3 |  3.0

Action                   |  1- 3 |  4- 6 |  7- 9 | 10-12 || total
-------------------------+-------+-------+-------+-------++-------
Melee: Trident           |   132 |   217 |   498 |   204 ||  1051
       Kick              |       |    36 |    18 |       ||    54
       Dagger            |       |       |    15 |       ||    15
       Punch             |       |       |     1 |     1 ||     2
Throw: Throwing net      |     1 |       |       |       ||     1
Invok: Heroism           |       |       |     2 |     3 ||     5
Evoke: Wand              |       |       |    11 |       ||    11
  Use: Scroll            |     4 |     4 |     5 |       ||    13
       Potion            |       |     1 |       |       ||     1
 Stab: Sleeping          |    11 |    14 |     9 |       ||    34
       Distracted        |       |     1 |       |       ||     1
  Eat: Chunk             |     3 |     6 |    19 |     5 ||    33
Armor: Leather armour    |    23 |    36 |    22 |       ||    81
       Ring mail         |       |       |    78 |       ||    78
       Scale mail        |       |       |    82 |    56 ||   138
Dodge: Dodged            |    68 |   101 |   227 |    66 ||   462

Table legend:
 A = Non-vault XP
 B = Vault XP
 C = Vault XP percentage of total XP
 D = Non-vault monster count
 E = Vault monster count
 F = Vault count percentage of total count
                 A         B        C        D         E       F
            +---------+---------+-------+---------+---------+-------
      Total |    7043 |    1505 |  17.6 |     228 |       7 |   3.0
            +---------+---------+-------+---------+---------+-------
        D:1 |      72 |       0 |   0.0 |      31 |       0 |   0.0
        D:2 |      85 |       0 |   0.0 |      32 |       0 |   0.0
        D:3 |     249 |       0 |   0.0 |      43 |       0 |   0.0
        D:4 |     439 |     439 |  50.0 |      21 |       2 |   8.7
        D:5 |     493 |     841 |  63.0 |      10 |       3 |  23.1
        D:6 |     539 |       0 |   0.0 |      14 |       0 |   0.0
        D:7 |     801 |       0 |   0.0 |      27 |       0 |   0.0
        D:8 |    1419 |       0 |   0.0 |      24 |       0 |   0.0
        D:9 |    2606 |       0 |   0.0 |      22 |       0 |   0.0
       D:10 |     340 |     225 |  39.8 |       4 |       2 |  33.3
            +---------+---------+-------+---------+---------+-------
